 Dungeon Crawl Stone Soup version 0.25-a0-294-gea9b1ad378 (webtiles) character file.

Game seed: 16106515687864112092, levelgen mode: classic

1362 Borgoz the Cudgeler (level 8, 0/69 HPs)
             Began as a Gargoyle Fighter on Dec 16, 2019.
             Slain by an orc warrior
             ... wielding a +0 dire flail
              (1 damage)
             ... on level 6 of the Dungeon.
             The game lasted 00:06:07 (3906 turns).

Borgoz the Cudgeler (Gargoyle Fighter)              Turns: 3906, Time: 00:06:08

Health: 0/69       AC: 24    Str: 22    XL:     8   Next: 64%
Magic:  8/8        EV:  2    Int: 14    God:
Gold:   238        SH:  5    Dex:  9    Spells: 7/7 levels left

rFire    . . .     SeeInvis .   t - +2 whip (elec)
rCold    . . .     Gourm    .   n - +0 buckler
rNeg     + + +     Faith    .   (armour currently unavailable)
rPois    ∞         Spirit   .   (helmet currently unavailable)
rElec    .         Reflect  .   (cloak currently unavailable)
rCorr    .         Harm     .   (gloves currently unavailable)
MR       .....     NoTele   +   (boots currently unavailable)
Stlth    ++........             y - amulet of regeneration
HPRegen  0.00/turn              k - ring of stealth
MPRegen  0.11/turn              (no ring)

@: brilliant, tree-form
A: negative energy resistance 1, inhibited regeneration, petrification
resistance, rot immunity, MP-powered wands, AC +5
a: no special abilities


You were on level 6 of the Dungeon.
You were not hungry.
You were a tree.
You visited 1 branch of the dungeon, and saw 6 of its levels.

You collected 238 gold pieces.

Inventory:

Hand Weapons
 a - a +0 flail
 t - a +2 whip of electrocution (weapon)
Armour
 b - a +0 scale mail (melded)
 c - a +0 shield
 g - a +0 pair of gloves (melded)
 n - a +0 buckler (worn)
Jewellery
 k - a ring of stealth (left branch)
 x - an uncursed ring of fire
 y - an amulet of regeneration (around neck)
Wands
 w - a wand of flame (16)
Scrolls
 e - 2 scrolls of magic mapping {unknown}
 h - 3 scrolls of identify {unknown}
 j - a scroll of enchant weapon {unknown}
 l - 4 scrolls of remove curse {unknown}
 p - 3 scrolls of enchant armour {unknown}
 r - a scroll of random uselessness {unknown}
 s - 2 scrolls of teleportation {unknown}
 u - 3 scrolls of amnesia {unknown}
 A - a scroll of immolation {unknown}
Potions
 d - 3 potions of might
 q - 3 potions of mutation
Comestibles
 f - 10 rations


   Skills:
 - Level 3.2 Fighting
 * Level 7.5 Maces & Flails
 + Level 6.5 Armour
 + Level 6.5 Shields


You had 7 spell levels left.
You didn't know any spells.
Your spell library was empty.

Dungeon Overview and Level Annotations

Branches:
Dungeon (6/15)
 Temple: D:4-7

Altars:
Makhleb
Yredelemnul


Innate Abilities, Weirdness & Mutations

You are resistant to torment.
((Your stone body is resilient. (AC +5)))
You are immune to poison.
You resist negative energy. (rN+)
((You are resistant to electric shocks. (rElec)))
((You can survive without breathing.))
You are immune to petrification.
You are immune to rotting.
((You are partially covered in icy blue scales. (AC +2)))
You do not regenerate when monsters are visible.
You expend magic power (3 MP) to strengthen your wands.


Message History

It was a potion of lignification.
You turn into a tree.
Your +0 pair of gloves melds into your body.
Your +0 scale mail melds into your body.
Your roots penetrate the ground.
You hear a shout!
The orc warrior hits you with a +0 dire flail!
* * * LOW HITPOINT WARNING * * *
The orc hits you but does no damage.
An orc wizard comes into view. It is wielding a +0 dagger.
The orc priest hits you but does no damage.
It was a potion of flight.
Your roots keep you in place.
The orc priest hits you but does no damage.
The orc warrior hits you but does no damage.
You block the orc's attack.
The orc priest hits you but does no damage.
It was a potion of brilliance.
You feel clever all of a sudden. You block the orc priest's attack.
The orc warrior hits you with a +0 dire flail.
You die...

....# .... ...#
#.(.###
##.....######
##............
##....ooo....o.
....oao♣..#
.l####o...#
##...# ##..##
##..## ##..##
#...# ###.##
##.##


You could see an orc warrior, a worker ant, 3 orc priests, an orc wizard, 2 orcs
and a leopard gecko (wandering).

Vanquished Creatures
  Grinder (D:5)
  A human (D:2)
  An ice beast (D:5)
  An ogre (D:5)
  A phantom (D:5)
  A bullfrog (D:6)
  A scorpion (D:4)
  A howler monkey (D:5)
  A centaur zombie (D:5)
  A bullfrog zombie (D:5)
  3 hounds (D:5)
  5 orc wizards
  2 orc priests
  Jessica (D:3)
  3 worker ants
  4 adders (D:2)
  2 oozes
  A worm (D:2)
  2 dart slugs
  4 leopard geckos
  21 orcs
  A ball python (D:3)
  10 bats
  5 giant cockroaches
  10 goblins
  4 hobgoblins
  5 jackals
  12 kobolds
  A quokka (D:2)
  3 frilled lizards
  A goblin skeleton (D:2)
  12 rats
122 creatures vanquished.

Notes
Turn   | Place    | Note
-------+----------+-------------------------------------------
     0 | D:1      | Borgoz the Gargoyle Fighter began the quest for the Orb.
     0 | D:1      | Reached XP level 1. HP: 14/14 MP: 1/1
    19 | D:1      | Reached XP level 2. HP: 17/19 MP: 2/2
   170 | D:1      | You fall into a shaft and drop 1 floor!
   201 | D:2      | Reached XP level 3. HP: 6/23 MP: 3/3
   503 | D:2      | Found a faded altar of an unknown god.
   512 | D:2      | Found a burning altar of Makhleb.
   577 | D:2      | Reached skill level 3 in Maces & Flails
   873 | D:1      | Reached XP level 4. HP: 28/28 MP: 4/4
  1379 | D:2      | Noticed a human
  1574 | D:2      | Found a runed translucent door.
  1584 | D:2      | Found a basalt altar of Yredelemnul.
  1622 | D:2      | Killed a human
  1622 | D:2      | Reached skill level 4 in Maces & Flails
  1622 | D:2      | Reached XP level 5. HP: 11/32 MP: 5/5
  1622 | D:2      | Reached XP level 6. HP: 13/37 MP: 6/6
  2231 | D:3      | Noticed Jessica
  2236 | D:3      | Killed Jessica
  2572 | D:4      | Reached skill level 5 in Maces & Flails
  2576 | D:4      | Gained mutation: You expend magic power (3 MP) to
                  | strengthen your wands. [potion of mutation]
  2576 | D:4      | Gained mutation: You do not regenerate when monsters are
                  | visible. [potion of mutation]
  2576 | D:4      | Gained mutation: You are partially covered in icy blue
                  | scales. (AC +2) [potion of mutation]
  2595 | D:4      | Reached skill level 5 in Armour
  2595 | D:4      | Reached skill level 5 in Shields
  2596 | D:4      | Reached XP level 7. HP: 38/41 MP: 7/7
  3019 | D:5      | Entered Level 5 of the Dungeon
  3149 | D:5      | Reached skill level 6 in Maces & Flails
  3214 | D:5      | Noticed Grinder
  3232 | D:5      | Killed Grinder
  3232 | D:5      | Reached XP level 8. HP: 32/46 MP: 8/8
  3434 | D:5      | Reached skill level 7 in Maces & Flails
  3904 | D:6      | HP: 1/69 [orc warrior/+0 dire flail (8)]
  3906 | D:6      | Slain by an orc warrior

Levels and vault maps discovered:
D:1:      wander_arrival_desolate, layout_rooms
D:2:      layout_basic, bloody_makhleb, chequers_ecumenical_altar_simple,
          dk_yredelemnul_ordeal
D:3:      layout_rooms, uniq_jessica
D:4:      layout_loops_ring, first_ration
D:5:      layout_gridville, small_statue_intersection, uniq_grinder
D:6:      layout_layer_cave, uniq_pikel

Skill      XL: |  1  2  3  4  5  6  7  8 |
---------------+-------------------------+-----
Maces & Flails | 3 4 5 6 7 |  7.5
Armour         | 4 5 6 |  6.5
Shields        | 4 5 6 |  6.5
Fighting       | |  3.2

Action                   |  1- 3 |  4- 6 |  7- 9 || total
-------------------------+-------+-------+-------++-------
Melee: Flail             |   119 |    89 |       ||   208
       Whip              |       |   111 |   136 ||   247
  Use: Potion            |       |     4 |     3 ||     7
 Stab: Distracted        |       |     1 |       ||     1
  Eat: Chunk             |       |     6 |     4 ||    10
Armor: Scale mail        |    64 |   110 |    54 ||   228
       Skin              |       |       |     5 ||     5
Dodge: Dodged            |    36 |    75 |    36 ||   147
Block: Shield            |    50 |       |       ||    50
       Buckler           |     3 |    34 |    30 ||    67

Table legend:
 A = Non-vault XP
 B = Vault XP
 C = Vault XP percentage of total XP
 D = Non-vault monster count
 E = Vault monster count
 F = Vault count percentage of total count
                 A         B        C        D         E       F
            +---------+---------+-------+---------+---------+-------
      Total |    1438 |     508 |  26.1 |     118 |       4 |   3.3
            +---------+---------+-------+---------+---------+-------
        D:1 |      42 |       0 |   0.0 |      21 |       0 |   0.0
        D:2 |      92 |     190 |  67.4 |      23 |       2 |   8.0
        D:3 |     110 |      37 |  25.2 |      35 |       1 |   2.8
        D:4 |     301 |       0 |   0.0 |      19 |       0 |   0.0
        D:5 |     757 |     281 |  27.1 |      16 |       1 |   5.9
        D:6 |     136 |       0 |   0.0 |       4 |       0 |   0.0
            +---------+---------+-------+---------+---------+-------
